 Dungeon Crawl Stone Soup version 0.23-a0-419-g0174fd8 (webtiles) character file.

74880 XanderDroid the Blocker (level 15, 0/89 HPs)
             Began as a Gargoyle Fighter on Nov 11, 2018.
             Was the Champion of Hepliaklqana.
             Killed by divine providence
             ... invoked by a meliai
              (14 damage)
             ... on level 13 of the Dungeon.
             The game lasted 02:00:11 (28596 turns).

XanderDroid the Blocker (Gargoyle Fighter)         Turns: 28596, Time: 02:00:12

Health: 0/89       AC: 38    Str: 23    XL:     15   Next: 48%
Magic:  21/21      EV:  7    Int: 10    God:    Hepliaklqana [******]
Gold:   1264       SH: 14    Dex: 11    Spells: 14/14 levels left

rFire    + . .     SeeInvis +   a - +2 flail (holy)
rCold    . . .     Gourm    .   c - +0 shield
rNeg     + . .     Faith    .   H - +2 plate armour {rF+}
rPois    ∞         Spirit   .   L - +2 hat {MR+}
rElec    +         Reflect  .   G - +2 cloak
rCorr    .         Harm     .   u - +2 pair of gloves
MR       ++...                  (no boots)
Stlth    ..........             z - amulet of the acrobat
HPRegen  0.24/turn              t - ring of see invisible
MPRegen  0.17/turn              (no ring)

@: about to teleport, flying
A: reduced essence, big wings, negative energy resistance 1, electricity
resistance, unbreathing, petrification resistance, rot immunity, AC +11
a: Stop Flying, Recall Ancestor, Ancestor Identity, Transference, Idealise,
Renounce Religion


You were on level 13 of the Dungeon.
You worshipped Hepliaklqana.
Hepliaklqana was exalted by your worship.
You were hungry.

You visited 4 branches of the dungeon, and saw 23 of its levels.

You collected 2544 gold pieces.
You spent 1280 gold pieces at shops.

Inventory:

Hand Weapons
 a - a +2 flail of holy wrath (weapon)
Missiles
 y - 171 bolts
Armour
 c - a +0 shield (worn)
 u - a +2 pair of gloves (worn)
 G - a +2 cloak (worn)
 H - a +2 plate armour of fire resistance (worn)
 L - a +2 hat of magic resistance (worn)
Jewellery
 t - a ring of see invisible (left hand)
 z - an amulet of the acrobat (around neck)
Wands
 s - a wand of polymorph (11)
 D - a wand of iceblast (18)
 E - a wand of flame (35)
 F - a wand of disintegration (26)
Scrolls
 b - 6 scrolls of fear
 e - 12 scrolls of teleportation
 g - 4 scrolls of immolation
 h - a scroll of acquirement
 l - 3 scrolls of fog
 p - a scroll of identify
 q - 2 scrolls of enchant armour
 r - 3 scrolls of magic mapping
 w - a scroll of brand weapon
 A - 4 scrolls of blinking
 J - a scroll of enchant weapon
 K - 5 scrolls of remove curse
Potions
 d - 4 potions of might
 i - 5 potions of agility
 j - 14 potions of curing
 k - a potion of resistance
 m - 4 potions of ambrosia
 n - 6 potions of heal wounds
 o - 2 potions of invisibility
 v - a potion of mutation
 x - 2 potions of haste
Comestibles
 f - 33 rations


   Skills:
 + Level 13.4 Fighting
 - Level 14.0 Maces & Flails
 + Level 13.4 Armour
 * Level 14.4 Shields
 - Level 9.0 Invocations


You had 14 spell levels left.
You didn't know any spells.
Your spell library contained the following spells:

 Spells                   Type           Power        Failure   Level  Hunger
 Animate Skeleton         Necr           N/A          98%         1    ##.....
 Apportation              Tloc           #.....       98%         1    ##.....
 Confusing Touch          Hex            #.....       98%         1    ##.....
 Corona                   Hex            #......      98%         1    ##.....
 Flame Tongue             Conj/Fire      #....        98%         1    ##.....
 Shock                    Conj/Air       #...         98%         1    ##.....
 Summon Small Mammal      Summ           #...         98%         1    ##.....
 Ensorcelled Hibernation  Hex/Ice        #.....       99%         2    ###....
 Swiftness                Chrm/Air       #.......     99%         2    ###....
 Throw Flame              Conj/Fire      #.....       99%         2    ###....
 Confuse                  Hex            #.......     100%        3    ####...
 Conjure Flame            Conj/Fire      #.......     100%        3    ####...
 Dazzling Spray           Conj/Hex       #.....       100%        3    ####...
 Inner Flame              Hex/Fire       #.......     100%        3    ####...
 Static Discharge         Conj/Air       #.......     100%        3    ####...
 Tukima's Dance           Hex            #.......     100%        3    ####...
 Airstrike                Air            #.........   100%        4    #####..
 Sticky Flame             Conj/Fire      #.......     100%        4    #####..
 Throw Icicle             Conj/Ice       #.......     100%        4    #####..
 Fireball                 Conj/Fire      #.........   100%        5    ######.
 Lightning Bolt           Conj/Air       #.........   100%        5    ######.
 Summon Forest            Summ/Tloc      #.........   100%        5    ######.
 Ozocubu's Refrigeration  Ice            #.........   100%        6    #######


Dungeon Overview and Level Annotations

Branches:
Dungeon (14/15)            Temple (1/1) D:5            Lair (6/6) D:9
 Shoals (0/4) Lair:4        Snake (0/4) Lair:2        Slime (0/5) Lair:6
    Orc (2/2) D:12            Elf (0/3) Orc:2        Vaults (0/5) D:13

Altars:
Ashenzari
Cheibriados
Dithmenos
Elyvilon
Fedhas
Gozag
Hepliaklqana
Kikubaaqudgha
Makhleb
Nemelex Xobeh
Okawaru
Qazlal
Ru
Sif Muna
Trog
Uskayaw
Vehumet
Wu Jian
Xom
Yredelemnul
Zin
The Shining One
Beogh
Jiyva
Lugonu

Shops:
D:7 [   D:14 (   Orc:2 [}[

Annotations:
D:10 2 transporters
Lair:4 exclusion: oklob plant


Innate Abilities, Weirdness & Mutations

You are resistant to torment.
Your stone body is resilient. (AC +11)
You are immune to poison.
Your large and strong wings let you fly indefinitely.
You resist negative energy. (rN+)
You are resistant to electric shocks. (rElec)
You can survive without breathing.
You are immune to petrification.
You are immune to rotting.
Your life essence is reduced to manifest your ancestor. (-10% HP)


Message History

The meliai hits you but does no damage. You block the meliai's attack.
The meliai hits you but does no damage.
The meliai stings you but does no damage.
The meliai barely misses you.
The meliai stings you but does no damage.
You sock the meliai!
The meliai is heavily wounded.
You block the meliai's attack.
The meliai stings you but does no damage.
You block the meliai's attack.
The meliai stings you but does no damage.
You block the meliai's attack.
The meliai stings you but does no damage.
You sock the meliai!
The meliai is severely wounded.
The meliai hits you but does no damage.
The meliai stings you but does no damage.
The meliai calls down the wrath of its god upon you.
Something smites you!
You die...

#>........[...[[....#
#########.###########
##.## #[?)#
########...##############
^......#...#.(.(......!.#
.?.....#...#(...........#
.......'.[.'((.yy.[.....#
.......#...#....@.[.[...#
.......#).[#.....y...[..#
.......##)##............#
.....####'####..........#
...###......)###........#
####...........####...###
# #.............# ##'##
###.............###...###
.#...............#.)))..#


You could see 3 meliai.

Vanquished Creatures
  Gastronok (D:11)
  2 orc warlords
  The ghost of Onunosent the Severer, a journeyman MiBe of Trog (Lair:4)
  Josephine (D:11)
  7 vault guards (D:13)
  3 hydras
  A merfolk avatar (Lair:6)
  A catoblepas (Lair:5)
  2 two-headed ogres
  2 orc high priests
  4 skeletal warriors (D:12)
  A fire crab (shapeshifter) (D:13)
  A lindwurm (Lair:3)
  A harpy (Lair:6)
  3 orc knights
  9 ugly things
  6 orc sorcerers
  A manticore (Lair:6)
  A salamander (shapeshifter) (D:13)
  2 black mambas
  5 elephants
  5 spiny frogs
  A torpor snail (Lair:6)
  6 rime drakes
  4 komodo dragons
  2 meliai
  4 trolls
  3 polar bears
  A wind drake (Lair:6)
  Prince Ribbit (D:9)
  6 blink frogs
  A hornet (D:12)
  8 hippogriffs
  5 slime creatures
  A vampire (D:12)
  A redback (shapeshifter) (D:13)
  5 wraiths
  4 wyverns
  12 yaks
  3 basilisks
  A hungry ghost (D:11)
  3 wargs
  3 nagas (Lair:2)
  7 water moccasins
  5 porcupines
  33 orc warriors
  2 sky beasts
  4 black bears
  4 phantoms
  3 ice beasts
  5 wolves
  5 ogres
  A hexer (D:13)
  10 centaurs
  10 crocodiles
  2 big kobolds
  10 bullfrogs
  6 scorpions
  5 killer bees (D:7)
  10 wights
  An electric eel (Lair:3)
  4 crimson imps
  2 bullfrog zombies
  3 centaur zombies
  A quasit (D:7)
  3 centaur skeletons
  5 hounds
  30 orc priests
  2 bullfrog skeletons
  4 iguanas
  20 orc wizards
  5 worker ants
  A hound skeleton (D:4)
  12 adders
  3 gnolls
  4 shadow imps
  4 worms
  A dart slug (D:1)
  3 leopard geckos
  55 orcs
  10 bats
  3 giant cockroaches
  4 hobgoblins
  11 jackals
  5 quokkas
  A ball python (D:3)
  8 goblins
  A jackal skeleton (D:2)
  12 kobolds
  A quokka skeleton (D:5)
  2 quokka zombies
  9 rats
  3 plants (Lair:3)
490 creatures vanquished.

Vanquished Creatures (collateral kills)
  The ghost of Gamo the Cruncher, a journeyman NaWz of Kikubaaqudgha (Lair:4)
  A vault guard (D:13)
  3 hydras
  A two-headed ogre (Orc:2)
  2 unseen horrors
  An ugly thing (D:13)
  2 orc sorcerers
  An orc knight (Orc:2)
  2 elephants
  2 black mambas
  2 spiny frogs
  A rime drake (Lair:2)
  2 komodo dragons
  A meliai (D:14)
  2 trolls
  A polar bear (Lair:5)
  2 slime creatures
  4 blink frogs
  2 hippogriffs
  A spriggan (D:7)
  A wyvern (Lair:6)
  A golden eye (shapeshifter) (D:11)
  A basilisk (D:9)
  9 yaks
  An acid dragon (D:9)
  3 wargs
  A naga (Lair:2)
  2 water moccasins
  A porcupine (Lair:1)
  9 orc warriors
  A phantom (D:8)
  An ice beast (D:10)
  2 wolves (Lair:1)
  2 ogres
  A centaur (D:11)
  10 crocodiles
  A big kobold (D:11)
  A bullfrog (Lair:4)
  2 electric eels (Lair:3)
  A hound (D:7)
  A jelly (D:10)
  3 orc priests
  10 orc wizards
  An adder (D:10)
  An adder skeleton (D:8)
  18 orcs
  2 jackals
  2 quokkas
  2 kobolds
  4 fungi
  4 plants (Lair:3)
133 creatures vanquished.

Vanquished Creatures (others)
  An orc priest (Orc:1)
  14 hexers
  12 fungi (Lair:6)
  18 plants
  2 withered plants (Lair:4)
47 creatures vanquished.

Grand Total: 670 creatures vanquished

Notes
Turn   | Place    | Note
-------+----------+-------------------------------------------
     0 | D:1      | XanderDroid the Gargoyle Fighter began the quest for the
                  | Orb.
     0 | D:1      | Reached XP level 1. HP: 14/14 MP: 1/1
    92 | D:1      | Reached XP level 2. HP: 17/19 MP: 2/2
   524 | D:1      | Reached XP level 3. HP: 23/23 MP: 3/3
   976 | D:2      | Found a burning altar of Makhleb.
   989 | D:2      | Reached XP level 4. HP: 20/29 MP: 4/4
  1710 | D:3      | Reached XP level 5. HP: 33/33 MP: 5/5
  2562 | D:4      | Reached XP level 6. HP: 38/38 MP: 6/6
  2609 | D:4      | Found a radiant altar of Vehumet.
  2922 | D:5      | Entered Level 5 of the Dungeon
  3002 | D:5      | Found a staircase to the Ecumenical Temple.
  3155 | D:5      | Noticed a sky beast
  3195 | D:5      | Killed a sky beast
  3681 | D:5      | Reached XP level 7. HP: 44/44 MP: 7/7
  3739 | Temple   | Entered the Ecumenical Temple
  3966 | D:5      | Reached skill level 5 in Maces & Flails
  4145 | D:5      | Reached skill level 5 in Armour
  4145 | D:5      | Reached skill level 5 in Shields
  4300 | D:5      | Found an iron altar of Okawaru.
  4464 | D:5      | Reached skill level 5 in Fighting
  5190 | D:6      | Reached XP level 8. HP: 49/49 MP: 8/8
  6102 | D:7      | Found Oshranacsae's Armour Emporium.
  6344 | D:7      | Reached XP level 9. HP: 54/55 MP: 9/9
  6466 | D:7      | Found an ancient bone altar of Kikubaaqudgha.
  6466 | D:7      | Found a basalt altar of Yredelemnul.
  6466 | D:7      | Found a hazy altar of Hepliaklqana.
  6598 | D:7      | Became a worshipper of Hepliaklqana the Forgotten
  7241 | D:8      | Reached * piety under Hepliaklqana
  7725 | D:8      | Noticed a two-headed ogre
  7797 | D:7      | HP: 2/51 [two-headed ogre/+0 giant club (6)]
  8353 | D:9      | Reached XP level 10. HP: 56/56 MP: 10/10
  8456 | D:9      | Reached ** piety under Hepliaklqana
  8457 | D:9      | Remembered your ancestor Layla as a hexer
  8522 | D:9      | Found a sparkling altar of Nemelex Xobeh.
  8989 | D:9      | Found a staircase to the Lair.
  9252 | D:9      | Noticed Prince Ribbit
  9264 | D:9      | Killed Prince Ribbit
  9425 | D:10     | Entered Level 10 of the Dungeon
  9498 | D:10     | Reached skill level 10 in Maces & Flails
  9536 | D:10     | Noticed a large abomination
  9536 | D:10     | Noticed a red ugly thing
  9538 | D:10     | Found the cursed necklace of Bloodlust {*Rage +Rage MR++
                  | Int-3 Slay+6 *Curse}
  9709 | D:10     | Got an ancient robe
  9734 | D:10     | Identified the cursed +1 robe of Relativism {MP+9 Int+3}
                  | (You found it on level 10 of the Dungeon)
 10135 | D:7      | Bought a +2 plate armour of fire resistance for 560 gold
                  | pieces
 10322 | D:10     | Found a corrupted altar of Lugonu.
 10324 | D:10     | Noticed a green ugly thing
 10326 | D:10     | Noticed a white ugly thing
 10350 | D:10     | Found a transporter.
 10355 | D:10     | Found a transporter.
 10609 | D:11     | Noticed a green ugly thing
 10641 | D:10     | Killed a green ugly thing
 10641 | D:10     | Reached XP level 11. HP: 42/62 MP: 11/11
 11020 | D:11     | Noticed a purple ugly thing
 11021 | D:11     | Noticed Gastronok
 11044 | D:11     | Killed a purple ugly thing
 11182 | D:11     | Killed Gastronok
 11247 | D:11     | Noticed an eight-headed hydra
 11257 | D:11     | Killed an eight-headed hydra
 11367 | D:11     | Noticed an unseen horror
 11381 | D:11     | Killed an unseen horror
 11453 | D:11     | Noticed a two-headed ogre
 11516 | D:10     | Killed a two-headed ogre
 11662 | D:11     | Noticed Josephine
 11713 | D:11     | Killed Josephine
 11713 | D:11     | Reached skill level 10 in Fighting
 11713 | D:11     | Reached skill level 10 in Armour
 11713 | D:11     | Reached skill level 10 in Shields
 11713 | D:11     | Reached XP level 12. HP: 46/69 MP: 12/12
 11858 | D:11     | Reached *** piety under Hepliaklqana
 12337 | Lair:1   | Entered Level 1 of the Lair of Beasts
 13582 | Lair:2   | Got a transparent robe
 13594 | Lair:2   | Identified the cursed +1 robe of Intuition {+Fly Dex+8
                  | Slay-5} (You found it on level 2 of the Lair of Beasts)
 13757 | Lair:2   | Reached skill level 1 in Invocations
 14057 | Lair:2   | Found a staircase to the Snake Pit.
 14104 | Lair:2   | Reached **** piety under Hepliaklqana
 14450 | Lair:2   | Got a pitted buckler
 14464 | Lair:2   | Identified the +1 buckler of Gestures {rC+ Int+2 Stlth-}
                  | (You found it on level 2 of the Lair of Beasts)
 16399 | Lair:4   | Reached ***** piety under Hepliaklqana
 16492 | Lair:4   | Found a staircase to the Shoals.
 16971 | Lair:4   | Reached XP level 13. HP: 70/75 MP: 15/15
 17177 | Lair:4   | Found a runed gate.
 17177 | Lair:4   | Found a runed gate.
 17177 | Lair:4   | Found a runed gate.
 17181 | Lair:4   | Noticed Gamo's ghost (journeyman NaWz)
 17181 | Lair:4   | Noticed Onunosent's ghost (journeyman MiBe)
 18426 | Lair:6   | Entered Level 6 of the Lair of Beasts
 18632 | Lair:6   | Reached skill level 5 in Invocations
 19617 | Lair:6   | Found a staircase to the Slime Pits.
 19617 | Lair:6   | Found a viscous altar of Jiyva.
 19879 | Lair:6   | Gained mutation: Your large and strong wings let you fly
                  | indefinitely. [Gargoyle growth]
 19879 | Lair:6   | Reached XP level 14. HP: 64/81 MP: 18/18
 20079 | Lair:6   | Found a hide-covered altar of Uskayaw.
 20266 | Lair:6   | Identified Sif Muna's Almanac of Freezing Calling
 20436 | Lair:4   | Killed Onunosent's ghost
 20487 | Lair:4   | Killed Gamo's ghost
 21331 | D:12     | Found a staircase to the Orcish Mines.
 21730 | D:12     | Identified a scroll of acquirement
 22022 | Orc:1    | Entered Level 1 of the Orcish Mines
 22184 | Orc:2    | Entered Level 2 of the Orcish Mines
 23100 | Orc:2    | Paralysed by an orc sorcerer for 7 turns
 23602 | Orc:2    | Noticed an orc warlord
 23708 | Orc:1    | Killed an orc warlord
 24585 | Orc:2    | Found a staircase to the Elven Halls.
 25732 | Orc:2    | Found Ranotodd's General Store.
 25734 | Orc:2    | Found Juetiu's Gadget Emporium.
 25736 | Orc:2    | Found Heux Keyl's Armour Shoppe.
 25736 | Orc:2    | Found Peic's Antique Armour Emporium.
 25803 | Orc:2    | Bought quicksilver dragon scales for 720 gold pieces
 26057 | D:13     | Noticed an orc warlord
 26145 | D:13     | Killed an orc warlord
 26163 | D:13     | Reached XP level 15. HP: 42/87 MP: 21/21
 26307 | D:13     | Found a roughly hewn altar of Beogh.
 27049 | D:13     | Found a gate to the Vaults.
 28043 | D:13     | Reached ****** piety under Hepliaklqana
 28155 | D:14     | Found Leps's Antique Weapon Emporium.
 28596 | D:13     | Killed from afar by a meliai

Vault maps used:
D:1:      ebering_trefoil_twist
D:2:      serial_forest, infiniplex_forest_lined_corner,
          infiniplex_forest_clump_small, infiniplex_forest_end_1,
          infiniplex_forest_zigzag_1, infiniplex_forest_side_room,
          infiniplex_forest_lined_2, infiniplex_forest_lined_2,
          makhleb_blood_cavern_becter
D:4:      lemuel_doored_altar, first_ration
D:5:      minmay_temple_entry_grid, kennysheep_flooded_box
D:6:      cheibrodos_fzero, nrook_mini_vaults
D:7:      gammafunk_temple_overflow_forgotten, serial_shops, shop,
          minmay_stone_trees_small, the_bakery
D:8:      nicolae_sextant, chequers_serial_rivers_micro_c
D:9:      erik_lair_dragon, nemelex_diamond_rough_becter, uniq_prince_ribbit1
D:10:     gammafunk_corrupted_shrine
D:11:     st_stairs_4, uniq_gastronok, uniq_josephine
D:12:     david_orc_1_choice, grunt_ministairs_7, kennysheep_generic_room_6
D:13:     orc_temple, erik_vaults_2, minmay_misc_feat_tower
D:14:     minmay_crystal_room, serial_shops, kennysheep_mini_moat, shop,
          nicolae_shop_competitors_out_of_business, serial_curves,
          eino_curves_04, eino_curves_04
Temple:   dpeg_five_rooms_temple
Lair:1:   lemuel_fruit_fields
Lair:2:   minmay_snake_entry_guardpost_medium, grunt_megastairs_1
Lair:3:   serial_bayou_shore_a, infiniplex_staircase_pool
Lair:4:   elwin_shoals_entry_rocks, gammafunk_ghost_cemetery,
          minmay_lair_oklob_items
Lair:5:   nicolae_lair_grove_arrangements, lemuel_fruit_fields
Lair:6:   gammafunk_lair_ancient_temple, slime_altar_1, basic_altar
Orc:2:    st_orc_mages, nicolae_orc_lava_tube

Skill      XL: |  1  2  3  4  5  6  7  8  9 10 11 12 13 14 15 |
---------------+----------------------------------------------+-----
Maces & Flails | 3 4 5 7 9 10 12 13 14 | 14.0
Armour         | 4 5 6 7 8 10 11 12 13 | 13.4
Shields        | 4 5 6 7 8 10 11 13 14 | 14.4
Fighting       | 4 5 6 7 8 10 11 12 13 | 13.4
Invocations    | 3 6 8 9 |  9.0

Action                   |  1- 3 |  4- 6 |  7- 9 | 10-12 | 13-15 || total
-------------------------+-------+-------+-------+-------+-------++-------
Melee: Flail             |   162 |   257 |   453 |   943 |  1835 ||  3650
Invok: Recall Ancestor   |       |       |     1 |     1 |     4 ||     6
       Ancestor Identity |       |       |     1 |       |       ||     1
       Ancestor Life: He |       |       |       |     1 |       ||     1
       Transference      |       |       |       |       |     2 ||     2
 Abil: Fly               |       |       |       |       |     1 ||     1
Evoke: Wand              |       |       |       |       |     1 ||     1
  Use: Scroll            |       |     8 |    12 |     8 |    10 ||    38
       Potion            |       |       |       |       |     4 ||     4
 Stab: Distracted        |       |       |     1 |     8 |    14 ||    23
       Confused          |       |       |       |    14 |    27 ||    41
       Sleeping          |       |       |       |     1 |       ||     1
       Paralysed         |       |       |       |       |    11 ||    11
  Eat: Chunk             |     1 |     5 |    14 |    17 |    28 ||    65
       Ration            |       |     1 |     1 |     3 |     3 ||     8
Armor: Scale mail        |    48 |       |       |       |       ||    48
       Chain mail        |    68 |    41 |       |       |       ||   109
       Plate armour      |       |   242 |   310 |   329 |   881 ||  1762
       Robe              |       |       |       |    72 |       ||    72
Dodge: Dodged            |    45 |    55 |    98 |   195 |   382 ||   775
Block: Shield            |    92 |   158 |   261 |   460 |   982 ||  1953

Table legend:
 A = Non-vault XP
 B = Vault XP
 C = Vault XP percentage of total XP
 D = Non-vault monster count
 E = Vault monster count
 F = Vault count percentage of total count
                 A         B        C        D         E       F
            +---------+---------+-------+---------+---------+-------
      Total |   67703 |   39269 |  36.7 |     467 |     145 |  23.7
            +---------+---------+-------+---------+---------+-------
        D:1 |      39 |       0 |   0.0 |      23 |       0 |   0.0
        D:2 |      65 |      43 |  39.8 |      26 |       1 |   3.7
        D:3 |      54 |       0 |   0.0 |      10 |       0 |   0.0
        D:4 |     267 |       0 |   0.0 |      16 |       0 |   0.0
        D:5 |     484 |       0 |   0.0 |      13 |       0 |   0.0
        D:6 |     695 |     623 |  47.3 |      18 |      11 |  37.9
        D:7 |    1066 |     224 |  17.4 |      25 |       1 |   3.8
        D:8 |     820 |       0 |   0.0 |      12 |       0 |   0.0
        D:9 |    1451 |    1164 |  44.5 |      15 |       7 |  31.8
       D:10 |    4209 |       0 |   0.0 |      34 |       0 |   0.0
       D:11 |    4500 |    4660 |  50.9 |      36 |       7 |  16.3
       D:12 |    7055 |    1771 |  20.1 |      39 |      12 |  23.5
       D:13 |    6919 |   14274 |  67.4 |      20 |      36 |  64.3
       D:14 |    1798 |       0 |   0.0 |       6 |       0 |   0.0
     Lair:1 |    1382 |       0 |   0.0 |       8 |       0 |   0.0
     Lair:2 |    4511 |     643 |  12.5 |      17 |       4 |  19.0
     Lair:3 |    3423 |       0 |   0.0 |      17 |       0 |   0.0
     Lair:4 |    2766 |    2816 |  50.4 |      14 |       2 |  12.5
     Lair:5 |    6992 |       0 |   0.0 |      21 |       0 |   0.0
     Lair:6 |    8939 |    8091 |  47.5 |      25 |      24 |  49.0
      Orc:1 |    4657 |    1091 |  19.0 |      28 |       8 |  22.2
      Orc:2 |    5611 |    3869 |  40.8 |      44 |      32 |  42.1
            +---------+---------+-------+---------+---------+-------
